[Event "CZE-ch U16 Open 2023"]
[Site "Teplice"]
[Date "2023.03.11"]
[Round "1.9"]
[White "Vilimek, Vit"]
[Black "Pelc, Adam"]
[Result "0-1"]
[ECO "B20"]
[WhiteElo "2018"]
[BlackElo "1871"]
[Annotator "TA"]
[PlyCount "68"]
[EventDate "2023.03.09"]
[EventType "swiss"]
[EventCountry "CZE"]
[SourceTitle "playchess.com"]
[Source "ChessBase"]
[SourceQuality "1"]
[TimeControl "40/5400+30:1800+30"]

1. e4 c5 2. b4 cxb4 3. a3 e6 4. axb4 Bxb4 5. c3 Be7 6. d4 d6 7. Bd3 Nc6 {[%emt 0:04:25] B20: Sicilian: Unusual White 2nd moves.} 8. f4 Nf6 9. Nf3 {[%emt 0:02:24] [#]} Ng4 $146 {[%emt 0:26:32] The position is equal.} ({Predecessor:} 9... b6 10. O-O Bb7 11. Nbd2 Qc7 12. e5 Nd5 13. Ne4 dxe5 14. fxe5 Na5 15. Bg5 Nxc3 16. Nxc3 Qxc3 17. Bxe7 Kxe7 {0-1 Sokac,M (2265)-Klekowski,M (2466) Speed Chess Q1 blitz 2022 (2)}) 10. Ng5 (10. e5 $14) 10... e5 $11 11. h3 Nh6 12. O-O exf4 13. Nf3 g5 14. h4 Rg8 (14... f6 $1 $15 {keeps the upper hand.}) 15. Nh2 $2 (15. Nxg5 $18 Bxg5 16. hxg5) 15... gxh4 16. Qh5 Bg5 (16... Qb6 $15 17. Ra2 (17. Qxh6 Bh3 $17) 17... Ng4) 17. Bc4 $2 {[%emt 0:14:43] [#]} ({White should try} 17. Nd2 $1 $11) 17... h3 $1 18. Ra2 (18. Na3 Qf6) 18... Na5 (18... Qf6 $17 {[%cal Oc6d4] Hoping for ...Nxd4!} 19. Na3 Na5) 19. Bb5+ (19. Bd5 $1 $11 {was the only way to keep the balance.}) 19... Nc6 20. Bc4 $1 {[%emt 0:06:03] Wards off Be6} Qe7 21. Bxf4 Bxf4 ({Better is} 21... Bd7 22. Na3 (22. Bxd6 $2 Qxd6 23. Bxf7+ Ke7 $19) 22... Bxf4 23. Rxf4 Rg6) 22. Rxf4 $17 Rg6 23. Raf2 {[%emt 0:00:32] [#]} Nd8 24. Qb5+ $2 (24. Nd2 $17 {is a better defense.}) 24... Bd7 $19 25. Qb3 Rxg2+ 26. Rxg2 hxg2 27. Qd1 (27. Nf3 $142) 27... Ne6 28. Rf2 (28. Bxe6 $142 Qxe6 29. Qd3) 28... O-O-O {[%emt 0:00:13] ...Ng5 would be deadly.} 29. Ra2 $2 (29. Bxe6 Qxe6 30. Qe2) 29... Nf4 30. Qf3 Qh4 {[%emt 0:00:08] ( -> ...Rg8)} 31. Rxa7 Qe1+ {[%emt 0:00:14] Black mates.} 32. Nf1 gxf1=Q+ 33. Bxf1 Rg8+ 34. Kh2 Qh4+ {An exciting game.   Weighted Error Value: White=0.76/Black=0.60} 0-1

[Event "CZE-ch U16 Open 2023"]
[Site "Teplice"]
[Date "2023.03.11"]
[Round "1.10"]
[White "Sigut, Ondrej"]
[Black "Lang, Simon"]
[Result "0-1"]
[ECO "B51"]
[WhiteElo "1804"]
[BlackElo "1974"]
[Annotator "TA"]
[PlyCount "84"]
[EventDate "2023.03.09"]
[EventType "swiss"]
[EventCountry "CZE"]
[SourceTitle "playchess.com"]
[Source "ChessBase"]
[SourceQuality "1"]
[TimeControl "40/5400+30:1800+30"]

1. e4 c5 2. Nf3 d6 3. Bb5+ Nd7 4. d4 Ngf6 5. Nc3 cxd4 6. Qxd4 e5 7. Qd3 h6 8. O-O a6 {[%emt 0:02:31] B51: Sicilian: Moscow Variation (3 Bb5+) without 3...Bd7.} 9. Bxd7+ Bxd7 10. Be3 Be7 {[%emt 0:02:40] The position is equal.} 11. a4 {[%emt 0:02:34] [#]} b6 $146 ({Predecessor:} 11... O-O 12. Nd2 Bc6 13. Nc4 Nxe4 14. Nxe4 Bxe4 15. Qxe4 d5 16. Qxe5 dxc4 17. Rad1 Bf6 18. Qf5 {1-0 Pacher,M (2334)-Manik,M (2415) SVK-ch Blitz 2022 (7)}) 12. Rad1 (12. Nd2 $14) 12... Be6 13. Rfe1 Qc7 (13... O-O {keeps more tension.} 14. Nh4 Nxe4 15. Ng6 fxg6 16. Qxe4 Qe8) 14. Nd2 O-O 15. f3 Rfd8 16. Qe2 (16. Nd5 $11 Bxd5 17. exd5) 16... d5 $15 17. exd5 Nxd5 18. Nxd5 Bxd5 19. c4 Bc6 20. Qf2 (20. b3 $15) 20... Rab8 $17 (20... Bxa4 $6 21. Ra1 (21. Bxb6 Qc6 $11) 21... Qc6 22. b3 (22. Bxb6 $2 Rxd2 {[%mdl 64] Deflection} 23. Qxd2 Qxb6+ 24. Kh1 Qb3 $19) 22... Rxd2 23. Qxd2 (23. Bxd2 Bxb3 24. Be3 Bxc4 $15) 23... Bxb3 24. Rab1 Qxc4 25. Qb2 $11 (25. Bxb6 $2 Bb4 $17 {[%mdl 64] Skewer})) 21. b3 Bb4 {[%emt 0:02:59] Black is more active.} 22. f4 $2 (22. Qe2 $17 {was worth a try.}) 22... e4 (22... Rd3 $1 $19 {And now ...exf4 would win.} 23. Re2 exf4 24. Qxf4 Qxf4 25. Bxf4 Rbd8) 23. f5 f6 ({Better is} 23... Rd3 $19 {White must now prevent ...Qd7.} 24. c5 bxc5) 24. Bf4 (24. Rb1 $17) 24... Bd6 (24... Qc8 $19 {has better winning chances. Hoping for ...Rb7.} 25. Bxb8 Bc5) 25. Bxd6 Qxd6 26. Re3 (26. Re2 $17) 26... Rb7 $19 {[%emt 0:01:24] aiming for ...Rbd7.} 27. Re2 Qb4 {[%emt 0:00:45] Strongly threatening ...Rbd7.} 28. Rde1 {[%emt 0:01:07] [#]} Re7 $1 {[%emt 0:00:49][%cal Oe4e3] ...e3! would be deadly.} 29. Nf1 (29. Qf4 $17 {was necessary.}) 29... Rd3 30. Re3 Rxb3 31. Rxb3 Qxb3 32. c5 b5 (32... Bxa4 33. cxb6 Rb7 34. Rxe4 $17) 33. axb5 axb5 (33... Qxb5 $2 34. Rc1 $19) (33... Bxb5 $2 34. Qe3 Qd5 35. g4 $19) 34. Qd4 (34. Qf4 {might work better.} Re5 35. Qe3) 34... Qc4 $2 ({Black should play} 34... Rd7 $19 35. Qa1 Qd5) 35. Qd6 $16 Rd7 (35... Re5 $16) 36. Qxc6 $18 Qd4+ 37. Kh1 Rd5 38. Qe6+ (38. Qxb5 Rxf5 39. Rc1 Kh7) 38... Kh7 39. Rxe4 $2 ({Weaker is} 39. Qxe4 Qxe4 40. Rxe4 Rxf5 $18) (39. Ng3 $18 Qe3 40. Rg1 (40. Rxe3 $2 {gets mated.} Rd1+) 40... Rxc5 41. Nxe4) 39... Qxc5 $2 {[%emt 0:00:08] [#]} ({Black should try} 39... Qf2 $1 $11 40. h4 (40. Qxd5 $2 Qxf1#) (40. Re1 Re5 $11) 40... Qxf1+ 41. Kh2 Rxc5) 40. Re1 $1 $16 Rxf5 41. Qe4 Kg8 42. Qe3 $4 {[%emt 0:00:47][%mdl 8192] [#]} (42. Rd1 $18 Re5 43. Qb1) 42... Rxf1+ $1 {[%emt 0:00:13][%mdl 576] Remove Defender. A wild game.   Weighted Error Value: White=0.61/Black=0.58} 0-1

[Event "CZE-ch U16 Open 2023"]
[Site "Teplice"]
[Date "2023.03.11"]
[Round "1.11"]
[White "Hladky, Tadeas"]
[Black "Svoboda, Daniel"]
[Result "1/2-1/2"]
[ECO "B51"]
[WhiteElo "1973"]
[BlackElo "1748"]
[Annotator "TA"]
[PlyCount "59"]
[EventDate "2023.03.09"]
[EventType "swiss"]
[EventCountry "CZE"]
[SourceTitle "playchess.com"]
[Source "ChessBase"]
[SourceQuality "1"]
[TimeControl "40/5400+30:1800+30"]

1. e4 c5 2. Nf3 d6 3. Bb5+ Nd7 4. d4 cxd4 5. Qxd4 a6 6. Bxd7+ Bxd7 7. O-O Nf6 8. Bg5 e6 $1 {[%emt 0:01:05] 8...e6 is better than 8...h6. B51: Sicilian: Moscow Variation (3 Bb5+) without 3...Bd7.} 9. Nbd2 Bc6 10. Nc4 Bxe4 11. Bxf6 Qxf6 12. Qxe4 d5 13. Qe2 {[%emt 0:00:04] [#] Nb6 is the strong threat.} dxc4 14. Qxc4 {[%emt 0:00:06] Black must now prevent Qa4+.} Be7 {[%emt 0:03:53] [#]} 15. Rfd1 $146 ({Predecessor:} 15. c3 O-O 16. Qe4 Rab8 17. Rfd1 Rfd8 18. Rxd8+ Bxd8 19. Rd1 Qe7 20. g3 Bc7 21. Kg2 {0-1 Bok,B (2596)-Vachier Lagrave,M (2796) Titled Tuesday intern op 7th Febr blitz 2017 (9)}) 15... O-O 16. c3 Rfd8 17. Qe4 Bf8 18. h3 h6 19. a4 Rxd1+ 20. Rxd1 Rd8 $1 21. Rxd8 Qxd8 $11 {[%emt 0:00:18][%mdl 4096] Endgame KQB-KQN} 22. Qd4 {[%emt 0:08:46] Dodges Qd1+. The position is equal.} Qc7 23. Nd2 b5 24. axb5 axb5 25. Ne4 Qf4 26. Nd2 Qc7 27. Ne4 Qf4 28. Nd2 Qc7 29. Ne4 Qf4 30. Nd2 {An uneventful encounter.   Weighted Error Value: White=0.03 (flawless) /Black=0.03 (flawless)} 1/2-1/2

[Event "CZE-ch U16 Open 2023"]
[Site "Teplice"]
[Date "2023.03.11"]
[Round "1.12"]
[White "Mrazek, Adam"]
[Black "Simunek, Jakub Simon"]
[Result "0-1"]
[ECO "D52"]
[WhiteElo "1745"]
[BlackElo "1970"]
[Annotator "TA"]
[PlyCount "70"]
[EventDate "2023.03.09"]
[EventType "swiss"]
[EventCountry "CZE"]
[SourceTitle "playchess.com"]
[Source "ChessBase"]
[SourceQuality "1"]
[TimeControl "40/5400+30:1800+30"]

1. Nf3 d5 2. c4 c6 3. d4 Nf6 4. Nc3 e6 5. Bg5 Nbd7 6. e3 Qa5 7. Qc2 Ne4 8. cxd5 Bb4 {[%cal Re4c3] D52: Queen's Gambit Declined: Cambridge Springs Variation.} 9. Rc1 (9. dxe6 $142 Nxc3 10. exd7+ Bxd7 11. Bh4 (11. bxc3 Bxc3+ 12. Kd1 Bxa1 $17)) 9... exd5 $11 {[#]} 10. Qb3 $146 ({Predecessor:} 10. a3 Bxc3+ 11. bxc3 Qxa3 12. Bh4 O-O 13. Bd3 Re8 14. O-O Nf8 15. Nd2 Bf5 16. Nb1 {0-1 Roubalik,J (2395)-Vovk,Y (2577) SVK-chT 1920 2019 (7.6)}) 10... O-O {Black is slightly better.} (10... c5 $5 11. a3 (11. Qxd5 $2 Bxc3+ 12. bxc3 Nxc3 $19) 11... Bxc3+ 12. bxc3 c4 $15) 11. Bf4 c5 12. a3 Bxc3+ 13. bxc3 c4 14. Qb4 Qa6 (14... Qd8 $15) 15. Be2 Re8 16. a4 Nb8 17. O-O ({White should try} 17. Ne5 $11) 17... Bd7 (17... Nc6 $5 18. Qb5 Qxb5 19. axb5 Na5 $11) 18. Bxb8 (18. Ne5 {keeps more tension.} Nc6 19. Nxc6 Qxc6 20. a5) 18... Raxb8 19. a5 (19. Bd1 $15) 19... Bg4 (19... b6 $17 20. Bd1 Qxa5) 20. Rfd1 ({Better is} 20. h3 $15 Bh5 21. Ra1) 20... b6 $17 {Black is more active.} 21. Ra1 bxa5 22. Qxa5 (22. Qa3 $142) 22... Qxa5 $19 23. Rxa5 Nxc3 24. Re1 {White is weak on the light squares} Rb2 25. Kf1 {This costs White the game.} (25. Bf1 $17 {was the only defense.}) 25... Reb8 {...Nxe2 would be deadly.} 26. h3 Bf5 27. Bxc4 dxc4 28. Rxf5 Ne4 {[#] Wards off Rc5. And now ...c3 would win.} 29. Ne5 c3 ({Inferior is} 29... Nd6 30. Rf3 $17) 30. Nd3 $2 (30. Rxf7 $2 {perishes.} Nd2+ 31. Ke2 (31. Kg1 $2 c2 $19) 31... Nc4+ 32. Kf1 Nxe5 $19) (30. g3 {keeps fighting.}) 30... Rd2 {Black is clearly winning.} 31. Nc1 Rbb2 32. Kg1 Nxf2 33. Rc5 g6 {Threatens to win with ...Ne4.} 34. Rxc3 Ne4 $1 {[%csl LRc3,LRg2][%mdl 64] [#] Discovered Attack} 35. Rc8+ Kg7 {Weighted Error Value: White=0.56/Black=0.25 (precise)} 0-1

[Event "CZE-ch U16 Open 2023"]
[Site "Teplice"]
[Date "2023.03.12"]
[Round "2.1"]
[White "Kubin, Tomas Daniel"]
[Black "Janous, Marek"]
[Result "0-1"]
[ECO "B69"]
[WhiteElo "1936"]
[BlackElo "2124"]
[Annotator "TA"]
[PlyCount "60"]
[EventDate "2023.03.09"]
[EventType "swiss"]
[EventCountry "CZE"]
[SourceTitle "playchess.com"]
[Source "ChessBase"]
[SourceQuality "1"]
[TimeControl "40/5400+30:1800+30"]

1. e4 c5 2. Nf3 d6 3. d4 cxd4 4. Nxd4 Nf6 5. Nc3 Nc6 6. Bg5 e6 7. Qd2 a6 8. O-O-O Bd7 9. f4 Be7 10. Nf3 b5 11. Bxf6 gxf6 12. Kb1 Qb6 13. f5 O-O-O 14. g3 {[%emt 0:03:21] B69: Sicilian: Richter-Rauzer: 7...a6 8 0-0-0 Bd7 9 f4 Be7 10 Nf3 b5 11 Bxf6.} b4 (14... Rhe8 $14) 15. fxe6 fxe6 16. Na4 {[%emt 0:00:55] White is slightly better.} Qa5 17. b3 {[%emt 0:00:16] [#]} Kb8 $146 ({Predecessor:} 17... Kb7 18. Nb2 Be8 19. Bc4 Bh5 20. Qe3 Qc5 21. Qxc5 dxc5 22. Rdf1 Bg4 23. h3 Bxf3 24. Rxf3 Ne5 25. Rf2 {½-½ Bensiek,N-Karkuth,S GER-ch23 sf9 corr 1991}) 18. Qe2 Kb7 19. Bg2 Na7 20. Nd4 e5 21. Nf5 Bf8 22. Qc4 (22. Nxd6+ $2 {too greedy.} Bxd6 23. Rxd6 Bxa4 24. Rxd8 Rxd8 $19) 22... Nb5 $1 23. Qf7 Qc7 24. Ne3 {[%emt 0:02:25] [#] Hoping for Nd5.} (24. Qxf6 $2 {loses.} Na3+ 25. Ka1 Bxa4 $19) 24... Na3+ 25. Kb2 $2 (25. Ka1 $14 {is the one way to stay ahead.} Bxa4 26. Qxc7+ (26. Qxf6 $2 Qc3#) 26... Kxc7 27. bxa4) 25... Bh6 $17 {[%emt 0:01:49] Chess con chili.} 26. Nc4 (26. Nf5 {nothing else works.} Qxc2+ 27. Ka1) 26... Nxc4+ $19 27. bxc4 Bxa4 {[%emt 0:00:14][%mdl 64] [#] Discovered Attack. A strong pair of Bishops.} 28. Qxf6 (28. Qd5+ $142 Bc6 29. Qd3) 28... Qxc4 {[%emt 0:00:41] ( -> ...Qc3+)} 29. Qxh6 Qc3+ 30. Kb1 Bxc2+ {[%emt 0:00:04] Excellently played by Janous!   Weighted Error Value: White=1.09/Black=0.11 (very precise)} 0-1

[Event "CZE-ch U16 Open 2023"]
[Site "Teplice"]
[Date "2023.03.12"]
[Round "2.2"]
[White "Paseka, Matyas"]
[Black "Slaby, Matej"]
[Result "1-0"]
[ECO "B17"]
[WhiteElo "2082"]
[BlackElo "1932"]
[Annotator "TA"]
[PlyCount "61"]
[EventDate "2023.03.09"]
[EventType "swiss"]
[EventCountry "CZE"]
[SourceTitle "playchess.com"]
[Source "ChessBase"]
[SourceQuality "1"]
[TimeControl "40/5400+30:1800+30"]

1. e4 c6 2. d4 d5 3. Nd2 dxe4 4. Nxe4 Nd7 5. Ng5 Ngf6 6. Bd3 e6 7. Qe2 Nb6 {[%emt 0:02:55] B17: Caro-Kann: Modern Line (4...Nd7).} (7... Bd6 $11) 8. N1f3 $14 Be7 9. Bd2 O-O (9... h6 $14) 10. h4 $16 h6 {[%emt 0:03:18] [#]} 11. O-O-O $1 {[%emt 0:02:33] [#]} c5 $146 (11... hxg5 $2 12. hxg5 g6 13. gxf6 Bxf6 14. Qe3 $18) (11... Na4 12. Ne4) ({Predecessor:} 11... Nbd5 12. Ne4 a5 13. Ne5 Nb4 14. Nxf6+ Bxf6 15. Bc4 Bd7 16. c3 Nd5 17. Qe4 Be7 {1-0 Christensen,A (1758)-Schilly,H (1804) Berlin Lichtenberger op 15th 2016 (5)}) 12. dxc5 $1 Bxc5 13. c4 Qe7 {[%emt 0:06:31] [#]} (13... hxg5 $2 14. hxg5 Bd4 15. gxf6 $18) 14. Bc3 $1 Nbd7 {[%emt 0:02:23] [#]} (14... hxg5 15. hxg5 Ng4 16. Bh7+ Kh8 17. Qe4 $18) (14... Ng4 15. Ne4) 15. Ne5 $1 Nxe5 (15... hxg5 $2 16. hxg5 $18) 16. Bxe5 Nd7 (16... hxg5 $2 17. hxg5 $18) 17. Bc3 {[%emt 0:05:06][%cal Od3c2] White has more active pieces. The black rooks are badly placed.} (17. Qe4 $2 f5 $19) 17... Re8 (17... hxg5 18. Bh7+ Kxh7 19. hxg5+ Kg8 20. Qh5 $18) (17... Nf6 $142) 18. Ne4 {[%emt 0:05:48] aiming for g4.} (18. Qe4 f5 19. Qxe6+ Qxe6 $17) 18... Bb4 19. Bxb4 Qxb4 {[%emt 0:00:09] [#]} 20. Nd6 Re7 {[%emt 0:04:57] [#]} (20... Qxd6 $2 21. Bh7+ Kxh7 22. Rxd6 $18) (20... Rd8 $16) 21. Rh3 Nc5 $2 {[%emt 0:11:52][%mdl 8192] [#] This costs Black the game.} (21... Qxd6 $2 22. Bh7+ Kxh7 23. Rxd6 $18) (21... Nf6 $16 {was necessary.}) 22. Bc2 $1 $18 {[%emt 0:01:10] And now Rg3 would win.} Bd7 23. Rg3 e5 24. Qh5 Kf8 25. Rf3 Be6 26. Qg6 $40 {[%emt 0:02:05][%mdl 128] Threatens to win with Qh7. Black is in trouble.} (26. Qxe5 Bg4 $15) 26... Rd7 (26... Qb6 $142 27. Qh7 Rd7) 27. a3 Qb6 {[%emt 0:00:07] White must now prevent ...Rad8.} 28. b4 $1 Rxd6 $2 (28... Qc6) 29. Rxd6 ({Stronger than} 29. bxc5 Rxd1+ 30. Kxd1 Qb2 $17) 29... Qxd6 {[%emt 0:00:31] [#]} 30. Rxf7+ $3 {[%emt 0:00:04][%mdl 576] Pin, Double Attack} Ke8 (30... Bxf7 31. Qxd6+) 31. bxc5 {Magnificent play by Paseka!   Weighted Error Value: White=0.28 (precise) /Black=0.90} (31. Rxg7+ $142 Kd8 32. Qf6+ Kc8 33. bxc5 Qd7 34. Rxd7 Bxd7 35. Qh8+ Kc7 36. Qxa8) 1-0

[Event "CZE-ch U16 Open 2023"]
[Site "Teplice"]
[Date "2023.03.12"]
[Round "2.3"]
[White "Lang, Simon"]
[Black "Fizer, Marek"]
[Result "0-1"]
[ECO "B99"]
[WhiteElo "1974"]
[BlackElo "1929"]
[Annotator "TA"]
[PlyCount "72"]
[EventDate "2023.03.09"]
[EventType "swiss"]
[EventCountry "CZE"]
[SourceTitle "playchess.com"]
[Source "ChessBase"]
[SourceQuality "1"]
[TimeControl "40/5400+30:1800+30"]

1. e4 c5 2. Nc3 d6 3. Nf3 Nf6 4. d4 cxd4 5. Nxd4 a6 6. Bg5 e6 7. f4 Be7 8. Qf3 Qc7 9. O-O-O Nbd7 10. g4 $1 h6 {[%emt 0:01:38] Repels h4. B99: Sicilian Najdorf: 6 Bg5 e6 7 f4 Be7 8 Qf3 Qc7 9 0-0-0 Nbd7.} 11. Bxf6 Bxf6 12. Be2 g5 {[%emt 0:00:14] [#] The position is equal.} 13. f5 $146 ({Predecessor:} 13. h4 gxf4 14. g5 Be5 15. g6 Nf6 16. gxf7+ Qxf7 17. Bc4 Qe7 18. Nce2 Bxd4 19. Nxf4 {0-1 Leon Nanjari,R (2199)-Dumas Aviles,A (2231) Santiago Endesa 05 2008 (4)}) 13... Ne5 14. Qh3 Nc6 15. Nxc6 bxc6 16. Bc4 Ke7 {[%emt 0:06:27] Black is weak on the light squares} (16... Rb8 $11) 17. Rhf1 Bd7 ({Black should try} 17... Rb8 $14) 18. Rd3 (18. fxe6 $16 fxe6 19. Rxf6 Kxf6 20. e5+ dxe5 21. Ne4+ Kg7 22. Qe3) 18... Be5 $11 19. Kb1 Rab8 20. fxe6 (20. Bxa6 $2 Qb6 21. Nd1 Qxa6 $19) (20. Qf3 $5 ) 20... fxe6 21. Rdf3 (21. Bxa6 $2 {loses.} Qb6 $19) 21... Be8 {[%emt 0:01:13] Repels Rf7+} 22. Qg2 Qb6 {[%emt 0:01:02][%csl Gb8][%cal Rb6b2] [#]} 23. Nd1 (23. Bb3 $1 $11) 23... Bg6 $17 {[%emt 0:09:04] This pair of bishops is nice.} (23... Bxb2 $2 24. Rb3 Bd4 25. Rxb6 $18) 24. Qe2 Qd4 {[%emt 0:00:57][%cal Rb8b2] ( -> ...Rxb2+). Some like it hot} (24... Bxb2 $2 25. Rb3 (25. Bxa6 $2 {too greedy.} Bc3+ $19) 25... Qa7 26. Nxb2 $18) 25. Bb3 Rhf8 {[%emt 0:01:34] Active counter play!} ({Of course not} 25... Qxe4 26. Rf7+ Kd8 27. Qxe4 Bxe4 28. Bxe6 $11) 26. Rxf8 Rxf8 27. Rxf8 Kxf8 28. Bxe6 Qxe4 $40 {[%emt 0:01:34][%mdl 128] Black attacks.} 29. Bc4 Qxe2 (29... a5 {is more complex.} 30. h3 Bf4 31. Nf2 Qg2) 30. Bxe2 Bxh2 31. Bxa6 $15 {[%emt 0:00:08][%mdl 4096] Endgame KBB-KBN} h5 32. Be2 (32. gxh5 $15 Bxh5 33. Nf2) 32... h4 $19 {[%emt 0:00:08] [#] aiming for ...Be4.} 33. Bf3 {[%emt 0:00:16] Prevents Be4.} (33. Nf2 $142) 33... d5 {[%emt 0:00:44] ...Be4 is the strong threat.} 34. Nf2 {[%emt 0:00:35] Inhibits Be4.} Bg1 35. Nd3 (35. Nh3 Be3 36. b4) 35... Be4 36. Ne5 h3 {[%emt 0:00:31] Excellently played by Fizer!   Weighted Error Value: White=0.40/Black=0.13 (very precise)} 0-1

[Event "CZE-ch U16 Open 2023"]
[Site "Teplice"]
[Date "2023.03.12"]
[Round "2.4"]
[White "Simunek, Jakub Simon"]
[Black "Pelc, Adam"]
[Result "1/2-1/2"]
[ECO "D04"]
[WhiteElo "1970"]
[BlackElo "1871"]
[Annotator "TA"]
[PlyCount "68"]
[EventDate "2023.03.09"]
[EventType "swiss"]
[EventCountry "CZE"]
[SourceTitle "playchess.com"]
[Source "ChessBase"]
[SourceQuality "1"]
[TimeControl "40/5400+30:1800+30"]

1. d4 Nf6 2. Nf3 d5 3. e3 c6 4. Bd3 Bg4 5. O-O Nbd7 6. Nbd2 {[%emt 0:07:10] D04: Colle System.} e6 (6... e5 $5 7. dxe5 Nxe5 $11 {[%mdl 64] Pin}) 7. c3 Bd6 8. Qc2 Qc7 9. c4 {[%emt 0:05:20] [#]} e5 $146 ({Predecessor:} 9... O-O 10. c5 Be7 11. b4 a5 12. b5 cxb5 13. Bxb5 Bf5 14. Bd3 Bxd3 15. Qxd3 b6 16. cxb6 Nxb6 {0-1 Mamatkulova,M (2046)-Nakhbayeva,G (2244) Tashkent zt 3.4 (Women) 2011 (8)}) 10. dxe5 Nxe5 11. Nxe5 Bxe5 12. h3 Be6 13. c5 {[%emt 0:18:47] [#] f4 would be deadly.} d4 (13... g5 $11) 14. exd4 $14 Bxd4 15. Nf3 Rd8 16. Nxd4 Rxd4 17. Be3 Rd8 18. Rfe1 h6 {[%emt 0:12:16] Prevents Bg5.} 19. Rad1 O-O 20. Qc1 Rd5 21. Bf4 Qd7 22. Qe3 (22. Bd6 $142) 22... Re8 {[%emt 0:01:52] aiming for ...Bf5.} 23. Be5 (23. Qf3 $1 $11) 23... Bf5 24. Bxf5 Qxf5 25. Rxd5 Nxd5 ({Don't play} 25... cxd5 $6 26. f4 $11) 26. Qg3 {[%emt 0:00:38][%csl Ge5][%cal Rg3g7] [#]} f6 $1 27. Bc3 Rxe1+ 28. Bxe1 $17 {[%emt 0:00:04][%mdl 4096] Endgame KQB-KQN} Qb1 29. Qb8+ Kf7 (29... Kh7 $17 30. Qe8 Qxb2 31. Qe4+ g6) 30. Qxb7+ $11 {[%emt 0:01:23] The position is equal.} Kg6 31. Kf1 Qd3+ ({Much less strong is} 31... Qxa2 32. Qxc6 Qc4+ 33. Kg1 $16) 32. Kg1 Qd1 (32... Qe4 $5 33. Bd2 $8 Qc2 $11) 33. Kf1 Qd3+ 34. Kg1 Qd1 {Weighted Error Value: White=0.16 (very precise) /Black=0.16 (very precise)} (34... Qe4 $5 35. Bd2 $8 Qc2 $11) 1/2-1/2

[Event "CZE-ch U16 Open 2023"]
[Site "Teplice"]
[Date "2023.03.12"]
[Round "2.5"]
[White "Dolensky, Filip"]
[Black "Tillmann, Stanislav"]
[Result "0-1"]
[ECO "D01"]
[WhiteElo "2108"]
[BlackElo "1907"]
[Annotator "TA"]
[PlyCount "120"]
[EventDate "2023.03.09"]
[EventType "swiss"]
[EventCountry "CZE"]
[SourceTitle "playchess.com"]
[Source "ChessBase"]
[SourceQuality "1"]
[TimeControl "40/5400+30:1800+30"]

1. d4 Nf6 2. Nc3 d5 3. Bg5 Ne4 4. Nxe4 dxe4 5. c3 h6 6. Bf4 {[%emt 0:03:20] [#] D01: Veresov Opening.} e6 $146 ({Predecessor:} 6... c6 7. Qc2 Bf5 8. e3 Nd7 9. Nf3 exf3 10. Qxf5 g6 11. Qc2 fxg2 12. Bxg2 Qa5 13. b4 {1-0 Zhang,P (2636)-Laylo,D (2448) Manila PGMA Cup 1st 2006 (7)}) 7. e3 (7. Qc2 $16) 7... Be7 (7... b6 $14) 8. Qc2 $16 {[%emt 0:03:06] White is better.} f5 9. Bc4 O-O 10. Qb3 (10. f3 $16) 10... Qd7 $1 $14 11. O-O-O (11. d5 $14) 11... c6 (11... a6 $11 {keeps the balance.}) 12. f3 $16 b5 13. Be2 a5 14. Qc2 exf3 15. gxf3 (15. Nxf3 $16 {Threatens to win with Rhg1.} Qe8 16. Ne5) 15... b4 16. c4 (16. Kb1 $14) 16... Qa7 {[%emt 0:02:52] [#]} (16... c5 $11) 17. h4 (17. c5 $1 $16) 17... a4 ({Better is} 17... c5 $1 $15) 18. Qd2 (18. c5 $5) 18... Nd7 19. e4 (19. Nh3 $11) 19... Ba6 $2 ({Black should try} 19... a3 $17 20. b3 e5 21. dxe5 fxe4) 20. Kb1 (20. Nh3 $14) 20... Rad8 $2 (20... b3 $15 {stays ahead.}) 21. Nh3 Bf6 22. Be3 $2 (22. Qxb4 Bxd4 23. Qd6 (23. Qxa4 fxe4 24. Qxc6 Nc5 $17) (23. Bd6 c5 $17) 23... e5 24. Qxc6 fxe4 25. Bxh6 Qb6 26. Qxb6 Nxb6 $19) (22. Bd6 $16) 22... Qb7 (22... fxe4 $15 {keeps the upper hand.} 23. fxe4 c5) 23. Rhg1 Kh7 $2 (23... b3 $16) 24. h5 $2 (24. Nf4 $18 Rfe8 25. Nh5) 24... Rfe8 {[%emt 0:03:16] [#]} (24... e5 $14) 25. Rg6 $2 (25. Bxh6 $1 $18 Nf8 26. Bg5 Rxd4 27. Qe3 Rxd1+ 28. Bxd1 (28. Rxd1 Bxg5 29. Nxg5+ Kg8 $18)) 25... Ne5 $1 $11 {[%emt 0:02:31][%mdl 64] Pin, Double Attack} 26. Qc1 $2 Nxg6 $19 27. hxg6+ Kxg6 28. e5 Bh4 29. Nf4+ Kh7 (29... Kf7 $17 {[%cal Oc6c5] And now ...c5! would win.} 30. Rg1 b3) 30. Rh1 $15 Bg5 {[%emt 0:01:48] Hoping for ...b3.} 31. Nd3 $2 (31. Nh5 $17 {was the crucial defense.} Bxe3 32. Qxe3) 31... Bxe3 $19 {[%emt 0:00:26][%mdl 64] Deflection} 32. Qxe3 Bxc4 33. Nc5 Qb5 34. Bd1 a3 35. b3 Bd5 36. Rg1 Qb6 37. Bc2 Qc7 38. Qf4 Qf7 39. Bd1 Rb8 40. Be2 g5 41. Qg3 Rg8 42. Qh2 h5 43. Nd7 {[%emt 0:00:00] [#]} Qg6 $1 44. f4 {[%emt 0:00:00] [#]} (44. Nf6+ Kh6) 44... g4 $1 45. Qh4 Rbf8 46. Nc5 (46. Nxf8+ $142 Rxf8 47. Kc2) 46... Rf7 47. Bc4 Bxc4 48. bxc4 Kh8 49. Qg3 Rh7 50. Rh1 Rd8 51. Nb3 {[%emt 0:00:42] [#]} h4 $1 52. Rxh4 Kg7 {[%emt 0:00:00] ...Rdh8 would be deadly.} 53. Nc5 Rdh8 ({And not} 53... Rxd4 54. Rxh7+ Kxh7 55. Qh4+ Kg7 56. Qe7+ Kh6 57. Qh4+ Qh5 58. Qf6+ Qg6 59. Qh4+ (59. Qh8+ Qh7 $11) 59... Qh5 60. Qf6+ Qg6 61. Qh4+ $11 (61. Qh8+ Qh7 $11)) 54. Rxh7+ Rxh7 {[%emt 0:00:07][%mdl 4096] Endgame KQR-KQN} 55. d5 cxd5 56. cxd5 exd5 {[%emt 0:01:36] ( -> ...Rh1+)} 57. Qg1 {[%emt 0:01:55] Dodges Rh1} Qh6 {[%emt 0:01:22][%cal Oh6h1] Strongly threatening ...Qh1!} 58. Qd4 Qh1+ 59. Kc2 Qg2+ 60. Kb3 {[%emt 0:00:29] [#]} Qb2+ $1 {[%emt 0:00:19] Quite a comeback for Black. Excellently played by Tillmann!   Weighted Error Value: White=0.74/Black=0.45} 0-1